 Dungeon Crawl Stone Soup version 0.30-b1-2-g02819fbbbe (webtiles) character file.

Game seed: 10306145612743673039

86051 sanka the Executioner (level 15, -6/139 HPs)
             Began as a Hill Orc Gladiator on May 18, 2023.
             Was the Champion of the Shining One.
             Mangled by an ettin
             ... wielding a +0 dire flail
              (22 damage)
             ... on level 2 of the Orcish Mines.
             The game lasted 00:34:59 (20385 turns).

sanka the Executioner (Hill Orc Gladiator)         Turns: 20385, Time: 00:35:00

Health: -6/139     AC: 22    Str: 25    XL:     15   Next: 85%
Magic:  0/25       EV: 10    Int:  8    God:    the Shining One [******]
Gold:   3340       SH:  0    Dex: 24    Spells: 14/14 levels left

rFire   . . .        a - +3 executioner's axe (venom)
rCold   . . .        (shield currently unavailable)
rNeg    + + +        N - +2 plate armour {rPois}
rPois   +            c - +0 helmet
rElec   .            F - +0 cloak
rCorr   .            (no gloves)
SInv    .            Q - +0 pair of boots
Will    +....        W - amulet of guardian spirit Stlth
                     E - +6 ring of dexterity
HPRegen 0.43/turn    U - +6 ring of dexterity
MPRegen 0.19/turn

%: guardian spirit
@: glowing
A: no striking features
a: Renounce Religion, Divine Shield, Cleansing Flame, Summon Divine Warrior,
Brand Weapon With Holy Wrath


You were on level 2 of the Orcish Mines.
You worshipped the Shining One.
The Shining One was exalted by your worship.
You visited 3 branches of the dungeon, and saw 19 of its levels.
You also visited: Sewer.

You collected 3340 gold pieces.

Inventory:

Hand Weapons
 a - a +3 executioner's axe of venom (weapon)
 b - a +1 heavy dire flail
Missiles
 d - 4 throwing nets (quivered) {=f}
 e - 3 javelins
 K - 3 curare-tipped darts {=f}
Armour
 c - a +0 helmet (worn)
 F - a +0 cloak (worn)
 N - a +2 plate armour of poison resistance (worn)
 Q - a +0 pair of boots (worn)
Jewellery
 o - an amulet of reflection
 p - an amulet of regeneration
 E - a +6 ring of dexterity (left hand)
 U - a +6 ring of dexterity (right hand)
 W - an amulet of guardian spirit (around neck)
 X - a ring of resist corrosion
 Y - a +6 ring of intelligence
Wands
 j - a wand of flame (30)
 w - a wand of roots (16)
 C - a wand of acid (10)
 D - a wand of paralysis (7)
 S - a wand of polymorph (4)
Scrolls
 f - 4 scrolls of enchant armour
 g - 9 scrolls of teleportation {@r4}
 i - 4 scrolls of fog
 k - 6 scrolls of amnesia
 m - 7 scrolls of vulnerability {!r}
 q - 4 scrolls of enchant weapon
 s - 2 scrolls of magic mapping
 y - 2 scrolls of blinking
 z - a scroll of noise {unknown}
 L - 3 scrolls of torment {!r}
 M - 3 scrolls of poison {unknown}
 O - 4 scrolls of immolation {!r}
 V - a scroll of fear {unknown}
Potions
 h - 8 potions of curing {unknown}
 l - 9 potions of might {unknown}
 r - a potion of invisibility {unknown}
 t - 7 potions of mutation {!q}
 u - 5 potions of haste {unknown}
 v - 2 potions of magic {unknown}
 x - 2 potions of heal wounds {@q2}
 A - a potion of brilliance {unknown}
 B - 5 potions of attraction {!q}
 H - a potion of degeneration {unknown}
 J - 4 potions of lignification {unknown}
 P - 2 potions of cancellation
 R - 2 potions of resistance {unknown}
 T - a potion of ambrosia {unknown}
Miscellaneous
 G - a lightning rod (4/4)


   Skills:
 + Level 14.6 Fighting
 - Level 24.0 Axes
 - Level 1.7 Throwing
 + Level 13.4 Armour
 + Level 3.7 Dodging
 + Level 13.6 Invocations


You had 14 spell levels left.
You didn't know any spells.
Your spell library contained the following spells:

 Spells                   Type           Power      Damage    Failure   Level
 Foxfire                  Conj/Fire      0%         2x1d4     98%         1
 Kiss of Death            Conj/Necr      0%         2d5       98%         1
 Magic Dart               Conj           0%         1d3       98%         1
 Shock                    Conj/Air       0%         1d3       98%         1
 Summon Small Mammal      Summ           0%         N/A       98%         1
 Blink                    Tloc           0%         N/A       99%         2
 Lesser Beckoning         Tloc           0%         N/A       99%         2
 Momentum Strike          Conj/Tloc      0%         3d8       99%         2
 Searing Ray              Conj           0%         2d4       99%         2
 Static Discharge         Conj/Air       0%         2-2/arc   99%         2
 Call Canine Familiar     Summ           0%         N/A       100%        3
 Confusing Touch          Hex            0%         N/A       100%        3
 Dazzling Flash           Conj/Hex       0%         N/A       100%        3
 Spider Form              Tmut/Pois      0%         N/A       100%        3
 Summon Guardian Golem    Hex/Summ       0%         N/A       100%        3
 Swiftness                Air            0%         N/A       100%        3
 Tukima's Dance           Hex            0%         N/A       100%        3
 Vhi's Electric Charge    Tloc/Air       0%         N/A       100%        3
 Airstrike                Air            0%         2d(0-16)  100%        4
 Dispel Undead            Necr           0%         3d6       100%        4
 Fulminant Prism          Conj/Hex       0%         3d5       100%        4
 Passage of Golubria      Tloc           0%         N/A       100%        4
 Summon Lightning Spire   Summ/Air       0%         N/A       100%        4
 Agony                    Necr           0%         N/A       100%        5
 Arcjolt                  Conj/Air       0%         1d10      100%        5
 Fireball                 Conj/Fire      0%         3d3       100%        5
 Silence                  Hex/Air        0%         N/A       100%        5
 Yara's Violent Unravell  Hex/Tmut       0%         3d3       100%        5
 Plasma Beam              Fire/Air       0%         2x1d11    100%        6
 Starburst                Conj/Fire      0%         6d3       100%        6
 Statue Form              Tmut/Erth      0%         N/A       100%        6
 Maxwell's Capacitive Co  Air            0%         ∞         100%        8


Dungeon Overview and Level Annotations

Branches:
Dungeon (12/15)            Temple (0/1) D:4            Lair (5/5) D:10
 Shoals (0/4) Lair:3       Spider (0/4) Lair:2        Slime (0/5) Lair:5
    Orc (2/2) D:12            Elf (0/3) Orc:2         Sewer (visited)

Altars:
Ashenzari
Fedhas
Makhleb
Qazlal
Trog
Vehumet
Wu Jian
Yredelemnul
The Shining One
Beogh

Shops:
D:2 *   Orc:2 ((***

Portals:
Hell: Lair:5

Annotations:
D:10 3 runed translucent doors, Thantalas's ghost, journeyman GrEE
Lair:3 3 runed translucent doors, Deed's ghost, journeyman MiFi; Irhican's ghost, journeyman MiBe; Kubamp's ghost, journeyman DEAE; Luuwnalu's ghost, journeyman KoHu; Nefuv's ghost, journeyman MiBe


Message History

Found Uva Eqis's General Store.
The stone giant hits you!
There is a large open door, spattered with blood here.
You slash the stone giant!
The stone giant is poisoned.
The stone giant is lightly wounded.
You hit the ettin.
The ettin is poisoned.
The ettin hits you with a +0 dire flail!
The ettin hits you but does no damage. The stone giant hits you!!
You slash the stone giant!
The stone giant looks as sick as possible!
The stone giant is moderately wounded.
You slash the ettin!
The ettin hits you with a +0 dire flail.
The ettin barely misses you.
The stone giant hits you but does no damage.
You slice the stone giant!!
The stone giant looks as sick as possible!
The stone giant is heavily wounded.
You slice the ettin!!
The ettin looks as sick as possible!
Unknown command.
Unknown command.
You slash the stone giant!
The stone giant is severely wounded.
You completely miss the ettin.
The ettin hits you with a +0 dire flail!!
The ettin hits you with a +0 great mace!!
The stone giant hits you but does no damage.
Unknown command.
You slice the stone giant!!
You kill the stone giant!
You slash the ettin!
The ettin looks as sick as possible!
The ettin hits you with a +0 dire flail!!
* * * LOW HITPOINT WARNING * * *
The ettin closely misses you.
Unknown command.
Unknown command.
You slash the ettin!
The ettin looks as sick as possible!
The ettin is almost dead.
The ettin hits you with a +0 dire flail!!
You die...

###### #...∩# ##
#....# .# #..(C#
######### #'@#
........# #..#
........#######..#
..##.....#...'...#
.....#......#'...#
..#.....[#######'##
.........### #.).#
##..#..#...## #...#
.#.##.##....###...#


You could see an ettin (extremely poisoned).

Vanquished Creatures
  Donald (Orc:2)
  An orc warlord (Orc:1)
  A stone giant (Orc:2)
  An ettin (Orc:2)
  Josephine (Lair:3)
  6 hydras
  A catoblepas (Lair:3)
  5 two-headed ogres
  2 boulder beetles
  A centaur warrior (D:12)
  3 orc high priests
  8 death yaks
  Sonja (D:12)
  Amaemon (Lair:1)
  2 skysharks
  A sixfirhy (Lair:5)
  A wizard (Lair:5)
  8 orc knights (Orc:2)
  2 harpies (Lair:3)
  5 ugly things (D:10)
  Pikel (D:7)
  2 oklob plants (Lair:5)
  8 orc sorcerers
  3 manticores
  A faun (Lair:2)
  18 elephants
  2 black mambas
  A smoke demon (Lair:5)
  2 torpor snails
  4 orange demons
  A gargoyle (D:12)
  15 cane toads
  6 komodo dragons
  5 rime drakes
  2 ice devils (Lair:5)
  A red devil (Lair:5)
  A hornet (D:10)
  A polar bear (Lair:2)
  9 blink frogs
  9 trolls
  8 saltlings (Orc:2)
  22 dream sheep
  10 slime creatures (D:12)
  2 wyverns
  5 wraiths
  A vampire (D:12)
  61 yaks
  Grum (D:9)
  3 basilisks
  2 steam dragons
  7 vampire mosquitoes (D:12)
  Menkaure (D:5)
  2 wargs
  An acid dragon (D:10)
  13 water moccasins
  Duvessa (D:5)
  3 hell hounds (Lair:5)
  29 orc warriors
  A hornet zombie (D:8)
  4 black bears
  2 ice beasts
  9 ogres
  16 wolves
  3 centaurs
  2 phantoms
  A lemure (D:7)
  3 kobold brigands
  12 bullfrogs
  A gnoll sergeant (D:12)
  7 scorpions
  A scorpion (shapeshifter) (D:10)
  13 wights
  Dowan (D:5)
  5 killer bees
  3 electric eels
  6 howler monkeys
  A crimson imp (D:6)
  A centaur zombie (D:8)
  2 hounds
  2 jellies
  Crazy Yiuf (D:7)
  7 orc priests
  3 gnoll boudas
  A sleepcap (D:7)
  Ijyb (D:4)
  An iguana (D:4)
  14 orc wizards
  13 hell rats
  12 adders
  24 gnolls
  2 river rats (D:5)
  A shadow imp (D:6)
  6 white imps
  2 ufetubi
  3 dart slugs
  A worm (D:2)
  83 orcs
  5 endoplasms
  14 giant cockroaches
  6 goblins
  4 hobgoblins
  13 kobolds
  8 quokkas
  11 ball pythons
  7 bats
  10 frilled lizards
  9 rats
  4 pillars of salt (Orc:2)
678 creatures vanquished.

Vanquished Creatures (others)
  17 fungi
  4 pillars of salt (Orc:2)
  54 plants
75 creatures vanquished.

Grand Total: 753 creatures vanquished

Notes
Turn   | Place    | Note
-------+----------+-------------------------------------------
     0 | D:1      | sanka the Hill Orc Gladiator began the quest for the Orb.
     0 | D:1      | Reached XP level 1. HP: 18/18 MP: 1/1
    50 | D:1      | Reached XP level 2. HP: 15/25 MP: 2/2
   127 | D:1      | You fall into a shaft and drop 1 floor!
   181 | D:2      | Found a faded altar of an unknown god.
   301 | D:1      | Reached skill level 5 in Axes
   319 | D:1      | Reached XP level 3. HP: 29/31 MP: 3/3
  1221 | D:2      | Found a stormy altar of Qazlal.
  1305 | D:2      | Reached XP level 4. HP: 36/38 MP: 4/4
  1589 | D:2      | Found Qodigg's Assorted Antiques.
  1834 | D:3      | Reached skill level 6 in Axes
  1989 | D:3      | Reached XP level 5. HP: 46/46 MP: 5/5
  2177 | D:3      | Found an ornate altar of the Wu Jian Council.
  2312 | D:3      | Found a glowing golden altar of the Shining One.
  2315 | D:3      | Became a worshipper of the Shining One
  2681 | D:4      | Noticed a phantom
  2695 | D:4      | Killed a phantom
  2696 | D:4      | Reached skill level 7 in Axes
  2696 | D:4      | Reached XP level 6. HP: 53/53 MP: 6/6
  2736 | D:4      | Found a staircase to the Ecumenical Temple.
  2814 | D:4      | Found a stormy altar of Qazlal.
  2917 | D:4      | Reached skill level 5 in Fighting
  2917 | D:4      | Reached skill level 8 in Axes
  2927 | D:4      | Found a broken altar of Ashenzari.
  2997 | D:4      | Reached XP level 7. HP: 59/61 MP: 7/7
  3065 | D:4      | Noticed Ijyb
  3076 | D:4      | Killed Ijyb
  3077 | D:4      | Reached skill level 9 in Axes
  3482 | D:5      | Entered Level 5 of the Dungeon
  3527 | D:5      | Found a glowing drain.
  3551 | Sewer    | Entered a sewer
  3743 | Sewer    | Reached skill level 10 in Axes
  3747 | Sewer    | Reached XP level 8. HP: 70/71 MP: 8/8
  4198 | D:5      | Noticed a yak
  4198 | D:5      | Noticed a yak
  4198 | D:5      | Noticed a yak
  4198 | D:5      | Noticed a yak
  4199 | D:5      | Noticed a yak
  4200 | D:5      | Noticed a yak
  4203 | D:5      | Killed a yak
  4204 | D:5      | Reached skill level 11 in Axes
  4205 | D:5      | Killed a yak
  4210 | D:5      | Killed a yak
  4211 | D:5      | Reached skill level 12 in Axes
  4212 | D:5      | Killed a yak
  4215 | D:5      | Killed a yak
  4216 | D:5      | Reached XP level 9. HP: 76/81 MP: 9/9
  4257 | D:5      | Noticed Dowan
  4257 | D:5      | Reached * piety under the Shining One
  4257 | D:5      | Noticed Duvessa
  4262 | D:5      | Killed Dowan
  4263 | D:5      | Reached skill level 13 in Axes
  4271 | D:5      | Killed Duvessa
  4509 | D:5      | Noticed Menkaure
  4513 | D:5      | Killed Menkaure
  4768 | D:6      | Reached skill level 14 in Axes
  5115 | D:6      | Reached XP level 10. HP: 93/93 MP: 10/10
  5120 | D:6      | Reached skill level 15 in Axes
  5533 | D:7      | Reached skill level 10 in Fighting
  5545 | D:7      | Reached ** piety under the Shining One
  5579 | D:7      | Found a runed translucent door.
  5580 | D:7      | Noticed Crazy Yiuf
  5634 | D:7      | Noticed Pikel
  5648 | D:7      | Killed Pikel
  5665 | D:7      | Found a bloodstained altar of Trog.
  5830 | D:7      | Reached skill level 16 in Axes
  5841 | D:7      | Found a blossoming altar of Fedhas.
  6272 | D:7      | Killed Crazy Yiuf
  6546 | D:8      | Reached *** piety under the Shining One
  6779 | D:8      | Found a basalt altar of Yredelemnul.
  7048 | D:9      | Reached skill level 17 in Axes
  7291 | D:9      | Noticed a two-headed ogre
  7298 | D:9      | Killed a two-headed ogre
  7299 | D:9      | Reached XP level 11. HP: 57/104 MP: 11/11
  7523 | D:9      | Noticed Grum
  7609 | D:9      | Killed Grum
  7610 | D:9      | Reached skill level 18 in Axes
  7691 | D:9      | Noticed a two-headed ogre
  7696 | D:9      | Killed a two-headed ogre
  8320 | D:10     | Entered Level 10 of the Dungeon
  8327 | D:10     | Identified a scroll of acquirement
  8337 | D:10     | Acquired 894 gold pieces
  8522 | D:10     | Reached **** piety under the Shining One
  8523 | D:10     | Noticed a death yak
  8529 | D:10     | Noticed a death yak
  8529 | D:10     | Noticed a death yak
  8546 | D:9      | Killed a death yak
  8605 | D:9      | Killed a death yak
  8606 | D:9      | Reached skill level 19 in Axes
  8624 | D:9      | Killed a death yak
  8774 | D:10     | Found a runed translucent gate.
  8775 | D:10     | Found a runed translucent gate.
  8775 | D:10     | Found a runed translucent gate.
  8775 | D:10     | Noticed a brown ugly thing
  8776 | D:10     | Noticed a brown ugly thing
  8776 | D:10     | Noticed a white ugly thing
  8777 | D:10     | Noticed a cyan ugly thing
  8777 | D:10     | Noticed a purple ugly thing
  8811 | D:10     | Found a staircase to the Lair.
  8945 | D:10     | Found a radiant altar of Vehumet.
  9049 | D:10     | Noticed a moth of wrath
  9049 | D:10     | a moth of wrath changed into a torpor snail
  9050 | D:10     | a torpor snail changed into a death drake
  9050 | D:10     | Noticed a death drake (glowing shapeshifter)
  9053 | D:10     | a death drake changed into a shock serpent
  9053 | D:10     | Noticed a shock serpent (glowing shapeshifter)
  9057 | D:10     | a shock serpent changed into a cyclops
  9057 | D:10     | Noticed a cyclops (glowing shapeshifter)
  9060 | D:10     | a cyclops changed into a deep troll
  9060 | D:10     | Noticed a deep troll (glowing shapeshifter)
  9061 | D:10     | a deep troll changed into a skyshark
  9061 | D:10     | Noticed a skyshark (glowing shapeshifter)
  9089 | Lair:1   | Entered Level 1 of the Lair of Beasts
  9225 | Lair:1   | Reached XP level 12. HP: 51/115 MP: 12/12
  9365 | Lair:1   | Reached skill level 20 in Axes
  9365 | Lair:1   | Reached skill level 1 in Invocations
  9431 | Lair:1   | Reached skill level 1 in Armour
  9688 | Lair:1   | Identified the +1 scale mail of Winykuv {Rampage rPois MP-9
                  | Int+4}
 10085 | Lair:1   | Noticed Amaemon
 10107 | Lair:1   | Killed Amaemon
 10391 | Lair:2   | Reached skill level 5 in Invocations
 10451 | Lair:2   | Reached skill level 5 in Armour
 10666 | Lair:2   | Reached ***** piety under the Shining One
 10743 | Lair:2   | Noticed a five-headed hydra
 10753 | Lair:2   | Killed a seven-headed hydra
 10835 | Lair:2   | Reached XP level 13. HP: 115/122 MP: 19/19
 11064 | Lair:2   | Reached skill level 10 in Invocations
 11329 | Lair:2   | Found a hole to the Spider Nest.
 11663 | Lair:3   | Found a runed translucent gate.
 11982 | Lair:3   | Acquired a +3 executioner's axe of venom
 12087 | Lair:3   | Found a staircase to the Shoals.
 12122 | Lair:3   | Noticed Josephine
 12127 | Lair:3   | Killed Josephine
 12353 | Lair:3   | Found a runed translucent gate.
 12353 | Lair:3   | Found a runed translucent gate.
 12355 | Lair:3   | Noticed Nefuv's ghost (journeyman MiBe)
 12355 | Lair:3   | Noticed Deed's ghost (journeyman MiFi)
 12355 | Lair:3   | Noticed Kubamp's ghost (journeyman DEAE)
 12355 | Lair:3   | Noticed Irhican's ghost (journeyman MiBe)
 12356 | Lair:3   | Noticed Luuwnalu's ghost (journeyman KoHu)
 12694 | Lair:4   | Reached skill level 21 in Axes
 13169 | Lair:4   | Reached skill level 22 in Axes
 13171 | Lair:4   | Reached XP level 14. HP: 108/129 MP: 22/22
 13502 | Lair:5   | Entered Level 5 of the Lair of Beasts
 13502 | Lair:5   | Reached ****** piety under the Shining One
 13645 | Lair:5   | Reached skill level 23 in Axes
 14382 | Lair:5   | Found a staircase to the Slime Pits.
 14401 | Lair:5   | Reached skill level 24 in Axes
 14790 | Lair:5   | Reached skill level 10 in Armour
 14963 | Lair:5   | Found a burning altar of Makhleb.
 15077 | Lair:5   | Found a gateway to Hell.
 15085 | Lair:5   | Got the Commentary on Variable Bad Luck
 15744 | D:10     | Found a runed translucent gate.
 15744 | D:10     | Found a runed translucent gate.
 15744 | D:10     | Noticed Thantalas's ghost (journeyman GrEE)
 15747 | D:10     | Found a runed translucent gate.
 15752 | D:10     | Noticed a cacodemon
 15978 | D:11     | Reached XP level 15. HP: 94/135 MP: 24/24
 16381 | D:11     | Found a roughly hewn altar of Beogh.
 17162 | D:12     | Found a staircase to the Orcish Mines.
 17165 | D:12     | Noticed Sonja
 17175 | D:12     | Killed Sonja
 17708 | D:12     | Identified the +0 robe of the Old World {Harm}
 18041 | Orc:1    | Entered Level 1 of the Orcish Mines
 18640 | Orc:2    | Entered Level 2 of the Orcish Mines
 18644 | Orc:2    | Noticed Donald
 18670 | Orc:2    | Killed Donald
 18901 | Orc:2    | Noticed an orc warlord
 18921 | Orc:1    | Killed an orc warlord
 19033 | Orc:1    | You fall into a shaft and drop 1 floor!
 19073 | Orc:2    | Found a roughly hewn altar of Beogh.
 19081 | Orc:2    | Found Rylumion's Weapon Shoppe.
 19232 | Orc:2    | Found a staircase to the Elven Halls.
 19481 | Orc:2    | Paralysed by an orc sorcerer for 4 turns
 19806 | Orc:2    | Found Olexod's Antique Weapon Shoppe.
 20353 | Orc:2    | Found Nal Naheu's Assorted Antiques.
 20354 | Orc:2    | Found a roughly hewn altar of Beogh.
 20355 | Orc:2    | Found Hemaphosm's General Store.
 20378 | Orc:2    | Found Uva Eqis's General Store.
 20385 | Orc:2    | Mangled by an ettin

Illustrated notes

Levels and vault maps discovered:
D:1:      ncdulo_halloftheorcs, layout_basic, minmay_close_crescents
D:2:      layout_basic, serial_shops, nicolae_shop_real_fake_doors,
          hellmonk_ecumenical_altar_run_dry, basic_altar,
          chequers_serial_rivers_small_3, serial_bayou_pond_c,
          grunt_ministairs_7, minmay_misc_feat_x
D:3:      layout_rooms, pdpol_wu_jian_five_deadly_venoms, tso_oasis_becter
D:4:      layout_basic, mainiacjoe_overflow_alcove_2, kennysheep_mini,
          minmay_temple_entry_hall, uniq_ijyb
D:5:      layout_basic, portal_sewer_entry_a, st_stairs_4, minmay_misc_feat_iff,
          uniq_duvessa, uniq_menkaure
D:6:      layout_basic, serial_bayou, serial_bayou_pond_d, serial_bayou_pond_a,
          serial_bayou_crossing, serial_bayou_lake_a, serial_bayou_pond_c,
          minmay_fire_ice_demons
D:7:      layout_basic, mainiacjoe_overflow_paths, kennysheep_little_box,
          kennysheep_potato, uniq_crazy_yiuf_cottage, uniq_pikel
D:8:      layout_basic, lemuel_zombie_altar_yredelemnul
D:9:      minmay_general_purpose_star, layout_long_grid, kennysheep_donut,
          minivault_26, uniq_grum
D:10:     layout_rooms, mainiacjoe_overflow_alcove_4, dpeg_lair_monsters,
          ploomutoo_gammafunk_ghost_potion_laboratory
D:11:     layout_roguey [special_room_orc]
D:12:     layout_irregular_city, david_orc_3, uniq_sonja
Lair:1:   layout_roguey, uniq_amaemon
Lair:2:   layout_small_grid, nicolae_spider_entry_orb_guardian,
          nzn_sisyphean_effort
Lair:3:   layout_regular_city, nicolae_shoals_entry_roost,
          gammafunk_ghost_cemetery, grunt_megastairs_5, uniq_josephine
Lair:4:   layout_gridlike, dreamdust_gnoll_shepherd
Lair:5:   evil_forest, layout_layer_cave, minmay_slime_entry_oklob_open
Orc:1:    layout_diamond_mine, statue_in_the_mist_lemuel
Orc:2:    hellmonk_orc_salted, layout_diamond_mine, serial_shops, shop,
          basic_altar, uniq_donald

Skill      XL: |  1  2  3  4  5  6  7  8  9 10 11 12 13 14 15 |
---------------+----------------------------------------------+-----
Fighting       | 3 4 5 6 8 9 11 13 14 | 14.6
Axes           | 5 6 7 8 10 12 14 17 19 20 22 24 | 24.0
Invocations    | 9 11 13 | 13.6
Armour         | 7 9 11 13 | 13.4
Dodging        | 3 |  3.7
Throwing       | |  1.7

Action                     |  1- 3 |  4- 6 |  7- 9 | 10-12 | 13-15 || total
---------------------------+-------+-------+-------+-------+-------++-------
  Melee: War axe           |    92 |    72 |       |       |       ||   164
         Punch             |     1 |       |       |       |       ||     1
         Battleaxe         |       |    40 |   210 |   562 |   114 ||   926
         Executioner's axe |       |       |       |       |   612 ||   612
         Dire flail        |       |       |       |       |    34 ||    34
  Evoke: Wand              |       |       |       |     3 |     6 ||     9
    Use: Scroll            |       |       |       |     8 |     5 ||    13
 Armour: Leather armour    |    22 |     7 |       |       |       ||    29
         Ring mail         |       |    14 |       |       |       ||    14
         Scale mail        |       |    34 |   105 |   254 |   294 ||   687
         Plate armour      |       |       |       |       |    38 ||    38
  Dodge: Dodged            |    60 |    75 |   120 |   241 |   405 ||   901
